 Dungeon Crawl Stone Soup version 0.31-a0-177-g4aa6249778 (webtiles) character file.

Game seed: 2482856918222372180

24 Moral the Ducker (level 2, -3/23 HPs)
             Began as a Mummy Gladiator on June 18, 2023.
             Slain by a cerulean imp
             ... wielding a +0 spear
             ... summoned by Natasha
              (5 damage)
             ... on level 2 of the Dungeon.
             The game lasted 00:03:18 (929 turns).

Moral the Ducker (Mummy Gladiator)                   Turns: 929, Time: 00:03:18

Health: -3/23      AC:  4    Str: 17    XL:     2   Next: 79%
Magic:  2/2        EV: 12    Int:  7    God:
Gold:   143        SH:  0    Dex: 13    Spells: 1/1 levels left

rFire   x . .        a - +0 war axe
rCold   + + .        (no shield)
rNeg    + + +        b - +0 leather armour
rPois   ∞            c - +0 helmet
rElec   .            (no cloak)
rCorr   .            (no gloves)
SInv    .            (no boots)
Will    .....        (no amulet)
Stlth   +            f - ring of protection from cold
HPRegen 0.23/turn    (no ring)
MPRegen 0.08/turn

%: faith
@: slowed, very slow
A: cold resistance 1, negative energy resistance 3, torment resistance 2, heat
vulnerability 1, no potions, faith
a: no special abilities


You were on level 2 of the Dungeon.
You visited 1 branch of the dungeon, and saw 2 of its levels.

You collected 143 gold pieces.

Inventory:

Hand Weapons
 a - a +0 war axe (weapon)
Missiles
 d - 3 throwing nets (quivered)
 e - a javelin
Armour
 b - a +0 leather armour (worn)
 c - a +0 helmet (worn)
Jewellery
 f - a ring of protection from cold (left hand)
Scrolls
 g - a scroll of enchant weapon {unknown}
 h - a scroll of poison {unknown}
 i - a scroll of revelation {unknown}


   Skills:
 + Level 2.4 Fighting
 + Level 2.6 Axes
 - Level 1.5 Throwing
 + Level 0.8 Armour
 + Level 2.7 Dodging


You had one spell level left.
You didn't know any spells.
Your spell library contained the following spells:

 Spells                   Type           Power      Damage    Failure   Level
 Lesser Beckoning         Tloc           0%         N/A       63%         2
 Gell's Gravitas          Tloc           0%         N/A       86%         3
 Teleport Other           Tloc           0%         N/A       86%         3


Dungeon Overview and Level Annotations

Branches:
Dungeon (2/15)

Altars:

Annotations:
D:2 Natasha


Innate Abilities, Weirdness & Mutations

You are immune to poison.
Your flesh is cold resistant. (rC+)
You are immune to negative energy. (rN+++)
You are immune to unholy pain and torment.
You are vulnerable to heat. (rF-)
You do not drink.
You have a special connection with the divine. (Faith)


Message History

Natasha stares at you and mumbles some strange words.
You feel yourself slow down. Natasha barely misses you.
You closely miss Natasha. Natasha barely misses you.
Natasha casts a spell at you.
You feel as though you will be slow longer.
You completely miss Natasha. Natasha closely misses you. Natasha claws you.
You hit Natasha.
Natasha is lightly wounded.
Natasha casts a spell at you.
You feel as though you will be slow longer.
Natasha barely misses you.
You hit Natasha.
Natasha is heavily wounded.
Natasha mumbles some strange words.
Natasha casts a spell at you. The magic dart hits you.
You hit Natasha but do no damage.
Natasha is heavily wounded.
Natasha claws you. Natasha barely misses you.
The cerulean imp hits you from afar with a +0 spear.
You barely miss Natasha.
Natasha is heavily wounded.
Natasha barely misses you.
The cerulean imp hits you but does no damage.
Natasha claws you. The cerulean imp closely misses you.
You barely miss Natasha.
Natasha is heavily wounded.
Natasha casts a spell at you. You resist with significant effort.
The cerulean imp closely misses you. Natasha misses you.
The cerulean imp hits you from afar with a +0 spear.
* * * LOW HITPOINT WARNING * * *
You slash Natasha!
Natasha is almost dead.
Natasha mumbles some strange words.
The cerulean imp hits you but does no damage.
Natasha casts a spell at you. The magic dart hits you.
* * * LOW HITPOINT WARNING * * *
The cerulean imp hits you from afar with a +0 spear.
You die...

............
................ #!
................ #..
...8.......8.... #.#
.........[...... #.#
..8....[....8... #.#
...†............ #.#
...8.......8..5h#.#
...#..#.#..#...#@######.
######...######.#.......
...#..#.#..#...#.######.
................#.##
.................#.##
..................#.##
...................#.#
..#.##...##.#.......#.#
.#.#.##.##.#.#.......#..


You could see Natasha and a cerulean imp (summoned).

Vanquished Creatures
  A dart slug (D:1)
  4 bats
  4 endoplasms
  3 giant cockroaches
  A hobgoblin (D:2)
  3 ball pythons
  A frilled lizard (D:2)
  2 kobolds
  A rat (D:1)
20 creatures vanquished.

Notes
Turn   | Place    | Note
-------+----------+-------------------------------------------
     0 | D:1      | Moral the Mummy Gladiator began the quest for the Orb.
     0 | D:1      | Reached XP level 1. HP: 16/16 MP: 1/1
   184 | D:1      | Reached XP level 2. HP: 22/22 MP: 2/2
   919 | D:2      | Noticed Natasha
   929 | D:2      | Slain by a cerulean imp

Illustrated notes

Levels and vault maps discovered:
D:1:      dpeg_arrival_chambers_temple_mockup, layout_rooms,
          kennysheep_nondescript
D:2:      wad_pebble_path, layout_basic, uniq_natasha

Action                     || total
---------------------------++-------
  Melee: War axe           ||    73
   Stab: Sleeping          ||     1
 Armour: Leather armour    ||    39
  Dodge: Dodged            ||    65

Table legend: (Time is in decaauts)
 A = Elapsed time spent in this place.
 B = Non-inter-level travel time spent in this place.
 C = Inter-level travel time spent in this place.
 D = Time resting spent in this place.
 E = Time spent auto-exploring this place.
 F = Levels seen in this place.
 G = Mean time per level.
                   A        B        C        D        E       F      G
               +--------+--------+--------+--------+--------+-----+--------+
         Total |    960 |    881 |     79 |      0 |    663 |   2 |  480.0 |
       Dungeon |    960 |    881 |     79 |      0 |    663 |   2 |  480.0 |
               +--------+--------+--------+--------+--------+-----+--------+

Top non-repeatable levels by time:
     D:1: 629 daAuts
     D:2: 330 daAuts
